Map: Blueshift LE

Players

smnTHEpmn - Winner!

  • Race: Terran Terran
  • Spawn Location: 7:00

A.I. 1 (Harder)

  • Race: Protoss Protoss
  • Spawn Location: 1:00

VOD

Have the link to the VOD?

Description

Time

  • Played on: Aug. 26, 2018, 11:03 a.m.
  • Length: 12:52
Show
View Real Time Build Order
Export as new Build Order

smnTHEpmn Terran - Winner!

Build Orders:  

Get SALT Encoding   

  12  0:03  SCV  
  13  0:17  Supply Depot  
  13  0:20  SCV  
  14  0:38  SCV  
  15  0:47  Barracks  
  15  0:55  Supply Depot  
  15  0:56  SCV  
  16  1:05  Refinery  
  16  1:09  SCV  
  17  1:21  SCV  
  17  1:25  Supply Depot  
  18  1:33  SCV  
  19  1:42  Marine  
  19  1:45  SCV  
  21  1:57  SCV  
  21  2:00  Refinery, Marine  
  23  2:09  SCV  
  24  2:18  Marine  
  24  2:21  SCV  
  26  2:33  Factory, SCV  
  26  2:35  Marine  
  28  2:40  Barracks  
  28  2:45  SCV  
  28  2:49  Barracks  
  29  2:57  SCV  
  30  3:00  Barracks Tech Lab  
  30  3:10  SCV  
  31  3:21  Engineering Bay  
  31  3:22  SCV  
  32  3:29  Widow Mine  
  32  3:34  SCV  
  35  3:35  Barracks Reactor  
  35  3:39  Marauder  
  37  3:44  Barracks Reactor  
  37  3:50  Widow Mine  
  39  4:12  Command Center  
  39  4:38  Orbital Command  
  39  5:02  Terran Infantry Weapons Level 1  
  39  5:24  Marauder, SCV, Marine x4, Cyclone  
  49  5:30  Planetary Fortress  
  49  5:36  SCV  
  49  5:42  Marine  
  51  5:45  Marine x3  
  54  5:58  Supply Depot  
  54  6:02  Supply Depot  
  54  6:11  SCV, Marine x5  
  60  6:20  Cyclone  
  60  6:21  SCV  
  60  6:23  SCV  
  65  6:29  Marauder, Marine x2  
  67  6:33  SCV  
  67  6:35  SCV  
  63  6:45  SCV, Marine  
  63  6:46  Marine  
  63  6:47  Marine x2  
  66  6:48  SCV  
  66  6:51  Marauder  
  71  6:56  Terran Infantry Armor Level 1  
  71  6:57  SCV  
  71  7:00  SCV  
  73  7:03  Marine x2  
  73  7:04  Marine x2  
  73  7:08  Factory Tech Lab  
  77  7:09  SCV  
  78  7:21  Marauder, Marine  
  78  7:22  Marine  
  78  7:23  Marine  
  78  7:24  Reaper  
  68  7:33  Supply Depot  
  68  7:35  SCV x2  
  68  7:36  Supply Depot  
  70  7:39  Supply Depot x3, Marine  
  70  7:40  Supply Depot, Marine  
  70  7:41  Marine  
  70  7:43  Marauder  
  75  7:47  SCV x2  
  77  7:55  Marine  
  77  7:57  Marine  
  77  7:58  Marine  
  80  7:59  Missile Turret  
  80  8:01  Missile Turret  
  80  8:04  Marauder, Missile Turret  
  80  8:05  Missile Turret  
  82  8:25  Marauder, Siege Tank  
  87  8:27  Marine  
  87  8:29  Marine  
  89  8:36  SCV x2  
  91  8:48  SCV x2  
  93  8:57  Siege Tank  
  96  9:06  Marine x2  
  96  9:07  Marauder, Marine x2  
  102  9:24  Marine x2  
  102  9:28  Marauder, Command Center  
  102  9:29  Siege Tank  
  109  9:39  SCV x2  
  111  9:50  Marauder  
  111  9:51  SCV x2  
  115  10:01  Siege Tank  
  115  10:03  SCV x2  
  120  10:11  Marauder  
  122  10:15  SCV x2  
  124  10:23  Marine x3  
  124  10:24  Marine  
  124  10:27  SCV  
  128  10:32  Marauder  
  128  10:34  Siege Tank  
  129  10:41  Marine x4  
  133  10:54  Marauder  
  134  10:59  Marine x4  
  138  11:06  Siege Tank  
  141  11:15  Marauder  
  141  11:17  Marine x4  
  146  11:34  Marine x2  
  146  11:35  Marine x2  
  146  11:36  Marauder  
  146  11:38  Siege Tank  
  152  11:58  Marauder  
  154  12:10  Siege Tank  
Show
View Real Time Build Order
Export as new Build Order

A.I. 1 (Harder) Protoss 

Build Orders:  

Get SALT Encoding   

  12  0:00  Probe  
  13  0:13  Probe  
  14  0:20  Pylon  
  14  0:25  Probe  
  15  0:34  Probe  
  15  0:42  Probe  
  16  0:47  Assimilator  
  17  0:51  Probe, Gateway  
  18  0:59  Pylon, Probe  
  19  1:20  Probe  
  20  1:38  Zealot  
  22  1:40  Cybernetics Core  
  22  1:42  Gateway  
  22  1:46  Assimilator  
  22  2:02  Pylon  
  22  2:15  Stalker  
  24  2:24  Warp Gate  
  24  2:29  Zealot  
  26  2:45  Zealot  
  26  2:49  Stalker  
  28  2:51  Pylon  
  30  3:12  Stalker  
  32  3:16  Stalker  
  34  3:27  Pylon  
  34  3:36  Probe  
  35  3:42  Stalker  
  35  3:45  Adept  
  39  3:48  Probe  
  40  3:58  Forge  
  40  4:01  Probe  
  41  4:11  Stalker  
  41  4:12  Adept  
  41  4:13  Probe  
  44  4:17  Pylon  
  46  4:25  Probe  
  47  4:37  Probe  
  48  4:48  Stalker  
  50  5:39  Protoss Ground Weapons Level 1  
  50  5:55  Sentry  
  52  5:57  Gateway  
  52  5:59  Robotics Facility  
  52  6:02  Twilight Council  
  52  6:03  Zealot  
  52  6:04  Pylon, Nexus  
  54  6:05  Photon Cannon  
  54  6:07  Photon Cannon  
  54  6:17  Sentry  
  56  6:25  Sentry  
  56  6:32  Blink  
  58  6:33  Forge  
  58  6:35  Zealot  
  48  6:46  Observer  
  47  6:48  Adept  
  49  6:56  Zealot  
  51  7:04  Stalker  
  51  7:06  Protoss Ground Armor Level 1  
  51  7:07  Observer  
  54  7:12  Adept  
  56  7:15  Stargate  
  56  7:20  Zealot  
  56  7:24  Probe  
  56  7:28  Stalker  
  56  7:29  Probe  
  56  7:32  Assimilator  
  56  7:36  Probe  
  57  7:40  Zealot  
  57  7:41  Probe  
  60  7:48  Probe, Zealot  
  63  7:53  Probe  
  63  7:57  Adept  
  66  8:00  Probe  
  66  8:05  Probe  
  68  8:07  Pylon  
  68  8:13  Probe  
  68  8:14  Pylon  
  68  8:15  Probe  
  70  8:23  Probe  
  70  8:25  Probe  
  72  8:34  Photon Cannon  
  72  8:36  Probe  
  72  8:37  Probe  
  72  8:39  Photon Cannon  
  75  8:48  Probe  
  75  8:49  Probe  
  76  9:00  Probe  
  77  9:30  Assimilator  
  77  9:48  Probe  
  77  9:52  Probe  
  79  10:01  Oracle, Warp Prism  
  79  10:05  Gateway  
  81  10:08  Templar Archives  
  84  10:14  Nexus, Robotics Bay  
  84  10:17  Robotics Facility  
  84  10:22  Stargate  
  84  10:26  Pylon  
  74  10:30  Zealot, Observer  
  58  10:38  Zealot  
  57  10:46  Sentry  
  59  10:50  Warp Prism  
  59  10:53  Stalker  
  61  10:59  Gateway  
  61  11:01  Stalker  
  61  11:03  Oracle  
  61  11:04  Warp Prism  
  61  11:09  Stalker  
  61  11:11  Stalker  
  61  11:17  Stalker  
  61  11:25  Zealot  
  39  11:33  Zealot  
  36  11:41  High Templar  
  26  11:49  High Templar  
  26  11:52  Probe x2  
  28  11:57  High Templar  
  27  12:04  Probe  
  27  12:05  High Templar  
  23  12:12  Pylon  
  23  12:15  Pylon  
  20  12:16  High Templar  
  15  12:24  High Templar  
Tags
 
Matchup
PvT
Spawn Locations
Cross Positions
Add a new tag
Caveats
  • Supply blocks, unpowered buildings, or Contaminate may cause inaccurate times.
  • Supply counts are checked every 10 seconds.